 Dungeon Crawl Stone Soup version 0.31.0-32-g396128a36d (webtiles) character file.

Game seed: 17380516642871392391

87356 Tizio the Peltast (level 15, -2/124 (134) HPs)
             Began as a Minotaur Fighter on Mar 24, 2024.
             Was a Follower of Yredelemnul.
             Slain by a deep elf knight
             ... wielding a +0 short sword of protection
              (5 damage)
             ... on level 2 of the Elven Halls.
             The game lasted 00:41:54 (20035 turns).

Tizio the Peltast (Minotaur Fighter)               Turns: 20035, Time: 00:41:55

HP:   -2/124 (134)  AC: 26    Str: 48    XL:     15   Next: 43%
MP:   20/20         EV: 13    Int:  5    God:    Yredelemnul [*.....]
Gold: 229           SH:  0    Dex: 10    Spells: 14/14 levels left

rFire   + + .        G - +4 trident (drain)
rCold   . . .        d - +2 kite shield
rNeg    . . .        n - +0 plate armour
rPois   +            (helmet unavailable)
rElec   .            q - +2 cloak {rPois}
rCorr   .            x - +1 pair of gloves {Str+3}
SInv    .            y - +2 pair of boots "Serch" {*Corrode rF++ Str+5}
Will    +....        M - amulet of reflection Stlth
                     Z - +6 ring of strength
HPRegen 0.40/turn    I - +6 ring of strength
MPRegen 0.17/turn

%: corrode self (3%), reflection
@: confused, ambrosia-drunk, studying Polearms, drained
A: horns 3, retaliatory headbutt, large bone plates 1, screaming 1, sturdy frame
1
a: Renounce Religion, Recall Undead Harvest


You were on level 2 of the Elven Halls.
You worshipped Yredelemnul.
Yredelemnul was aware of your devotion.
You visited 3 branches of the dungeon, and saw 19 of its levels.

You collected 1929 gold pieces.
You spent 1700 gold pieces at shops.

Inventory:

Hand Weapons
 a - a +0 long sword
 g - a +2 dagger of electrocution
 r - a +3 spear of freezing
 G - a +4 trident of draining (weapon)
Missiles
 v - 2 throwing nets (quivered)
Armour
 b - a +0 scale mail
 c - a +0 buckler
 d - a +2 kite shield (worn)
 m - a +0 pair of gloves
 n - a +0 plate armour (worn)
 o - a +0 pair of boots
 q - a +2 cloak of poison resistance (worn)
 u - a +1 pair of boots
 x - a +1 pair of gloves of strength (worn)
 y - the +2 pair of boots "Serch" (worn) {*Corrode rF++ Str+5}
   (You acquired it on level 10 of the Dungeon)

   Str+5:     It affects your strength (+5).
   rF++:      It greatly protects you from fire.
   *Corrode:  It may corrode you when you take damage.
Jewellery
 A - a +4 ring of slaying
 F - a +6 ring of intelligence
 I - a +6 ring of strength (right hand)
 M - an amulet of reflection (around neck)
 P - the amulet "Nohil" {RegenMP Int+4}
   (You found it on level 12 of the Dungeon)

   [amulet of magic regeneration]

   RegenMP:   It increases your rate of magic regeneration.
   Int+4:     It affects your intelligence (+4).
 U - a ring of wizardry
 V - an amulet of faith
 X - a +6 ring of dexterity
 Y - a +6 ring of intelligence
 Z - a +6 ring of strength (left hand)
Wands
 p - a wand of iceblast (11)
 B - a wand of acid (8)
 Q - a wand of polymorph (14)
 S - a wand of digging (5)
Scrolls
 e - 4 scrolls of teleportation
 f - 2 scrolls of amnesia
 h - a scroll of torment
 k - 2 scrolls of revelation
 l - 3 scrolls of fear
 D - 3 scrolls of poison
 H - 4 scrolls of noise
 K - a scroll of blinking {unknown}
 L - a scroll of fog {unknown}
 N - a scroll of immolation {unknown}
 O - 2 scrolls of vulnerability
 R - 2 scrolls of enchant weapon
 W - 2 scrolls of identify
Potions
 i - 3 potions of degeneration
 j - 2 potions of lignification
 s - a potion of berserk rage
 t - a potion of cancellation
 w - 3 potions of curing
 z - 2 potions of brilliance
 C - 3 potions of might
 E - 5 potions of ambrosia
 J - 4 potions of mutation
 T - 2 potions of haste


   Skills:
 * Level 12.6 Fighting
 + Level 4.0(4.4) Short Blades
 + Level 3.0(4.1) Long Blades
 + Level 13.6 Polearms
 * Level 14.5 Armour
 * Level 10.6 Dodging
 * Level 16.9 Shields
 * Level 8.1 Invocations
 * Level 7.4 Evocations


You had 14 spell levels left.
You didn't know any spells.
Your spell library contained the following spells:

 Spells                   Type           Power      Damage    Failure   Level
 Foxfire                  Conj/Fire      0%         2x1d4     83%         1
 Magic Dart               Conj           0%         1d3       83%         1
 Sandblast                Erth           0%         2d4       83%         1
 Call Imp                 Summ           0%         N/A       93%         2
 Cigotuvi's Dreadful Rot  Necr/Alch/Air  0%         N/A       93%         2
 Sublimation of Blood     Necr           0%         N/A       93%         2
 Dazzling Flash           Conj/Hex       0%         N/A       99%         3
 Fugue of the Fallen      Necr           0%         N/A       99%         3
 Gell's Gravitas          Tloc           0%         N/A       99%         3
 Ozocubu's Armour         Ice            0%         N/A       99%         3
 Passwall                 Erth           0%         N/A       99%         3
 Stone Arrow              Conj/Erth      0%         3d7       99%         3
 Summon Ice Beast         Ice/Summ       0%         N/A       99%         3
 Teleport Other           Tloc           0%         N/A       99%         3
 Brom's Barrelling Bould  Conj/Erth      0%         2d3       100%        4
 Ignite Poison            Fire/Alch      0%         N/A       100%        4
 Manifold Assault         Tloc           0%         N/A       100%        4
 Freezing Cloud           Conj/Ice/Air   0%         6-21      100%        5
 Irradiate                Conj/Alch      0%         3d11      100%        5
 Summon Forest            Summ/Tloc      0%         N/A       100%        5
 Summon Mana Viper        Hex/Summ       0%         N/A       100%        5
 Dispersal                Tloc           0%         N/A       100%        6
 Starburst                Conj/Fire      0%         6d3       100%        6
 Summon Cactus Giant      Summ           0%         N/A       100%        6
 Monstrous Menagerie      Summ           0%         N/A       100%        7
 Summon Hydra             Summ           0%         N/A       100%        7


Dungeon Overview and Level Annotations

Branches:
Dungeon (15/15)            Temple (0/1) D:4            Lair (0/5) D:9
    Orc (2/2) D:9             Elf (2/3) Orc:2        Vaults (0/5) D:14
 Depths (0/4) D:15

Altars:
Elyvilon
Ru
Yredelemnul

Shops:
D:5 (   D:10 [   D:14 !   D:15 (   Orc:2 :([*=   Elf:1 **==:

Annotations:
Elf:2 3 runed translucent doors


Innate Abilities, Weirdness & Mutations

You have a pair of large horns on your head.
You reflexively headbutt those who attack you in melee.
You are partially covered in large bone plates. (SH +4)
You occasionally shout uncontrollably at your foes.
Your movements are slightly less encumbered by armour. (ER -2)


Message History

Unknown command.
You are too injured to fight recklessly!
Unknown command.
You are too injured to fight recklessly!
Unknown command.
You are too injured to fight recklessly!
There are monsters nearby!
You are too injured to fight recklessly!
Unknown command.
You are confused.
You feel invigorated.
Your deep elf knight zombie hits the deep elf knight.
The deep elf zephyrmancer points at you and mumbles some strange words.
The bolt of lightning hits you!
The deep elf knight hits your deep elf knight zombie with a +0 short sword of protection!!
Your deep elf knight zombie hits the deep elf knight!
Your deep elf knight zombie hits the deep elf knight!
The deep elf knight mumbles some strange words.
The deep elf knight seems to speed up.
The +2 scimitar of draining hits you.
You feel drained.
Your deep elf knight zombie hits the deep elf knight.
The +2 scimitar of draining hits you!
You feel drained.
The deep elf knight hits you with a +0 short sword of protection.
You barely miss the deep elf knight.
The deep elf knight is moderately wounded.
The +2 scimitar of draining hits you but does no damage.
You feel drained.
The deep elf knight hits you with a +0 short sword of protection.
You hit the deep elf knight. You drain the deep elf knight.
The deep elf knight is heavily wounded.
The +2 scimitar of draining hits you!
* * * LOW HITPOINT WARNING * * *
You feel drained.
* * * LOW HITPOINT WARNING * * *
The deep elf zephyrmancer points at you and mumbles some strange words.
The bolt of lightning hits you!!
* * * LOW HITPOINT WARNING * * *
The deep elf knight hits you with a +0 short sword of protection.
You die...
Your body rises from the dead as a mindless zombie.

...................##
..)..........)..%...#
...)................#
....................#
...................##
..................##
..................#
..................##
..###.###.###...@..##
.## ## ### ##..e(e.#
.# #..Z)..# .##
#......# ..###.#
#......## ........
.......## ........
........# ........
.........# ........
..........


You could see a deep elf knight (fast, drained, ally target), a deep elf
zephyrmancer, a +2 scimitar of draining and a friendly deep elf knight zombie.

Vanquished Creatures
  Jorgrun (Elf:1)
  Frances (Elf:1)
  The ghost of Ipni the Severer, a journeyman MiFi of Gozag (D:14)
  An orc warlord (Orc:2)
  A deep elf demonologist (Elf:1)
  A deep elf annihilator (Elf:1)
  An entropy weaver (shapeshifter) (D:15)
  4 vault guards (D:14)
  Erolcha (D:11)
  4 hydras
  3 centaur warriors
  8 dancing weapons
  9 two-headed ogres
  2 tengu warriors
  Urug (Orc:2)
  A deep troll earth mage (D:15)
  An orc high priest (Orc:2)
  5 deep elf knights
  4 skeletal warriors
  3 deep elf archers (Elf:1)
  Pikel (D:6)
  A necromancer (D:11)
  3 orc knights
  11 deep elf pyromancers
  9 deep elf zephyrmancers (Elf:1)
  2 ugly things (D:13)
  6 cyclopes
  3 orc sorcerers (Orc:2)
  5 manticores
  8 centaur zombies (D:11)
  A meliai (shapeshifter) (D:14)
  Joseph (D:10)
  5 slime creatures
  7 centaur skeletons (D:11)
  4 gargoyles
  A kobold demonologist (D:12)
  Maggie (D:6)
  8 rime drakes (D:14)
  Jeremiah (D:9)
  2 freezing wraiths
  A queen bee (D:9)
  A tengu conjurer (D:15)
  6 trolls
  Grinder (D:5)
  A jumping spider (shapeshifter) (D:13)
  3 shadows (D:11)
  13 yaks
  6 wraiths
  5 wyverns
  3 water elementals (D:15)
  3 basilisks (D:14)
  Eustachio (D:5)
  2 wargs (Orc:2)
  A fire elemental (Elf:2)
  2 steam dragons
  Edmund (D:5)
  Menkaure (D:5)
  An acid dragon (D:13)
  2 hell hounds (D:14)
  A water moccasin (D:6)
  3 ice beasts
  A sky beast (D:7)
  26 orc warriors
  A black bear (D:6)
  2 laughing skulls
  4 centaurs
  5 ogres
  2 phantoms
  3 bullfrogs
  5 scorpions
  A gnoll sergeant (D:9)
  An earth elemental (Elf:2)
  11 wights
  18 killer bees (D:9)
  2 howler monkeys
  5 hounds
  14 orc priests
  Crazy Yiuf (D:2)
  2 gnoll boudas
  2 jellies (D:5)
  A sleepcap (D:7)
  Terence (D:2)
  A boggart zombie (D:11)
  2 iguanas
  20 orc wizards
  2 hell rats (D:14)
  A boggart skeleton (D:11)
  2 howler monkey zombies (D:11)
  8 adders
  6 gnolls
  2 white imps
  A dart slug (D:1)
  2 ribbon worms
  60 orcs
  3 endoplasms
  A giant cockroach (D:2)
  3 goblins
  3 hobgoblins
  3 jackals (D:2)
  9 kobolds
  A quokka (D:2)
  7 ball pythons
  6 bats
  3 frilled lizards
  2 orc zombies
  7 rats
454 creatures vanquished.

Vanquished Creatures (collateral kills)
  The ghost of Henri the Warrior, a journeyman GrFi of Zin (D:14)
  Josephine (D:11)
  A hydra (D:14)
  An ogre mage (D:15)
  A boulder beetle (D:13)
  A two-headed ogre (D:13)
  A dancing weapon (Elf:2)
  4 skeletal warriors
  A deep elf archer (Elf:1)
  A deep elf pyromancer (Elf:1)
  A cyclops (D:12)
  A manticore (D:12)
  2 gargoyles
  A tengu conjurer (D:15)
  A troll (D:9)
  A slime creature (D:13)
  2 yaks
  A water elemental (D:15)
  A shadow (D:11)
  3 basilisks (D:14)
  5 orc warriors
  A laughing skull (D:11)
  A kobold brigand (D:9)
  A wight (D:11)
  6 killer bees (D:9)
  2 howler monkeys (D:9)
  An orc priest (D:6)
  4 orc wizards
  2 hell rats (D:14)
  5 gnolls
  A white imp (D:7)
  14 orcs
  A goblin (D:4)
  3 kobolds (D:9)
74 creatures vanquished.

Vanquished Creatures (others)
  A deep elf knight (Elf:1)
  2 ugly thing zombies (D:13)
  A deep troll zombie (D:15)
  3 slime creature zombies (D:13)
  3 two-headed ogre zombies
  3 manticore zombies
  10 elf zombies
  2 rime drake zombies (D:14)
  A cyclops zombie (D:14)
  A bullfrog (D:6)
  2 warg zombies (Orc:2)
  A wyvern zombie (D:14)
  4 troll zombies
  2 yak zombies
  2 bullfrog zombies
  3 centaur zombies
  8 killer bee zombies (D:9)
  An ogre zombie (D:5)
  An acid dragon zombie (D:13)
  2 ice beast zombies
  2 hound zombies (D:6)
  3 hell rat zombies (D:14)
  A howler monkey zombie (D:9)
  2 human zombies
  An adder zombie (D:5)
  A jelly zombie (D:5)
  A spectral white imp (D:7)
  5 gnoll zombies
  2 kobold zombies (D:9)
  38 orc zombies
109 creatures vanquished.

Grand Total: 637 creatures vanquished

Notes
Turn   | Place    | Note
-------+----------+-------------------------------------------
     0 | D:1      | Tizio the Minotaur Fighter began the quest for the Orb.
     0 | D:1      | Reached XP level 1. HP: 19/19 MP: 0/0
    93 | D:1      | Reached XP level 2. HP: 27/27 MP: 1/1
   250 | D:1      | Reached skill level 4 in Shields
   497 | D:2      | Reached XP level 3. HP: 30/33 MP: 2/2
   613 | D:2      | You fall into a shaft and drop 1 floor!
  1005 | D:2      | Found a faded altar of an unknown god.
  1005 | D:2      | Noticed Terence
  1011 | D:2      | Reached skill level 1 in Dodging
  1013 | D:2      | Killed Terence
  1014 | D:2      | Reached XP level 4. HP: 33/41 MP: 3/3
  1015 | D:2      | Prayed at the altar of an unknown god.
  1015 | D:2      | Became a worshipper of Yredelemnul the Dark
  1015 | D:2      | Reached * piety under Yredelemnul
  1092 | D:2      | Found a runed translucent door.
  1093 | D:2      | Noticed Crazy Yiuf
  1762 | D:2      | Killed Crazy Yiuf
  2042 | D:3      | Reached XP level 5. HP: 47/47 MP: 4/4
  2113 | D:3      | Reached skill level 1 in Short Blades
  2261 | D:3      | Reached ** piety under Yredelemnul
  2623 | D:4      | Noticed a phantom
  2635 | D:4      | Killed a phantom
  2636 | D:4      | Reached skill level 5 in Armour
  2645 | D:4      | Reached skill level 5 in Shields
  2645 | D:4      | Reached XP level 6. HP: 36/55 MP: 5/5
  2793 | D:4      | Found a staircase to the Ecumenical Temple.
  3188 | D:4      | Reached skill level 5 in Fighting
  3644 | D:5      | Entered Level 5 of the Dungeon
  3857 | D:5      | Reached XP level 7. HP: 56/61 MP: 6/6
  3991 | D:5      | Noticed Edmund
  3999 | D:5      | Noticed Menkaure
  4223 | D:5      | Killed Edmund
  4242 | D:5      | Killed Menkaure
  4243 | D:5      | Reached XP level 8. HP: 57/69 MP: 7/7
  4250 | D:5      | Noticed Eustachio
  4270 | D:5      | Killed Eustachio
  4354 | D:5      | Reached skill level 6 in Shields
  4568 | D:5      | Found Rytyeg's Antique Weapon Shoppe.
  4696 | D:5      | Noticed Grinder
  4707 | D:5      | Killed Grinder
  4708 | D:5      | Reached skill level 1 in Polearms
  4774 | D:5      | Your ally Edmund died
  4978 | D:6      | Reached skill level 7 in Shields
  5084 | D:6      | Reached XP level 9. HP: 75/78 MP: 8/8
  5110 | D:6      | Reached skill level 8 in Shields
  5217 | D:6      | Identified the +0 helmet "Xuritopp" {Str-3 Int+6 Dex+3}
  5380 | D:6      | Gained mutation: You have sharp toenails. [potion of
                  | mutation]
  5380 | D:6      | Gained mutation: You possess an exceptional clarity of
                  | mind. [potion of mutation]
  5381 | D:6      | Lost mutation: You possess an exceptional clarity of mind.
                  | [potion of mutation]
  5381 | D:6      | Lost mutation: You have sharp toenails. [potion of
                  | mutation]
  5381 | D:6      | Gained mutation: Your system is resistant to poisons.
                  | (rPois) [potion of mutation]
  5381 | D:6      | Gained mutation: You are covered in fur. (AC +1) [potion of
                  | mutation]
  5381 | D:6      | Gained mutation: You are agile. (Dex +4, Str/Int -1)
                  | [potion of mutation]
  5382 | D:6      | Lost mutation: You are covered in fur. (AC +1) [potion of
                  | mutation]
  5382 | D:6      | Lost mutation: You are agile. (Dex +4, Str/Int -1) [potion
                  | of mutation]
  5382 | D:6      | Lost mutation: Your system is resistant to poisons. (rPois)
                  | [potion of mutation]
  5382 | D:6      | Gained mutation: Your movements are slightly less
                  | encumbered by armour. (ER -2) [potion of mutation]
  5382 | D:6      | Gained mutation: Your flesh is heat resistant. (rF+)
                  | [potion of mutation]
  5382 | D:6      | Gained mutation: Your magical capacity is low. (-10% MP)
                  | [potion of mutation]
  5383 | D:6      | Lost mutation: Your flesh is heat resistant. (rF+) [potion
                  | of mutation]
  5383 | D:6      | Lost mutation: Your magical capacity is low. (-10% MP)
                  | [potion of mutation]
  5383 | D:6      | Lost mutation: Your movements are slightly less encumbered
                  | by armour. (ER -2) [potion of mutation]
  5383 | D:6      | Gained mutation: You are resistant to electric shocks.
                  | (rElec) [potion of mutation]
  5384 | D:6      | Lost mutation: You are resistant to electric shocks.
                  | (rElec) [potion of mutation]
  5384 | D:6      | Gained mutation: You expend magic power (3 MP) to
                  | strengthen your wands. [potion of mutation]
  5385 | D:6      | Lost mutation: You expend magic power (3 MP) to strengthen
                  | your wands. [potion of mutation]
  5385 | D:6      | Gained mutation: A frigid envelope surrounds you and
                  | freezes all who hurt you. [potion of mutation]
  5385 | D:6      | Gained mutation: You occasionally shout uncontrollably at
                  | your foes. [potion of mutation]
  5385 | D:6      | Gained mutation: You are frail. (-10% HP) [potion of
                  | mutation]
  5386 | D:6      | Lost mutation: A frigid envelope surrounds you and freezes
                  | all who hurt you. [potion of mutation]
  5386 | D:6      | Lost mutation: You occasionally shout uncontrollably at
                  | your foes. [potion of mutation]
  5386 | D:6      | Lost mutation: You are frail. (-10% HP) [potion of
                  | mutation]
  5386 | D:6      | Gained mutation: Your muscles are strong. (Str +4, Int/Dex
                  | -1) [potion of mutation]
  5386 | D:6      | Gained mutation: You are frail. (-10% HP) [potion of
                  | mutation]
  5387 | D:6      | Lost mutation: Your muscles are strong. (Str +4, Int/Dex
                  | -1) [potion of mutation]
  5387 | D:6      | Lost mutation: You are frail. (-10% HP) [potion of
                  | mutation]
  5387 | D:6      | Gained mutation: Your natural rate of healing is unusually
                  | fast. [potion of mutation]
  5387 | D:6      | Gained mutation: You are frail. (-10% HP) [potion of
                  | mutation]
  5387 | D:6      | Gained mutation: Your spells are a little harder to cast,
                  | but a little more powerful. [potion of mutation]
  5421 | D:6      | Reached *** piety under Yredelemnul
  5461 | D:6      | Noticed Maggie
  5488 | D:6      | Killed Maggie
  5524 | D:6      | Noticed Pikel
  5537 | D:6      | Killed Pikel
  5538 | D:6      | Reached skill level 5 in Dodging
  5538 | D:6      | Reached skill level 9 in Shields
  5870 | D:7      | Noticed a gargoyle
  5896 | D:7      | Killed a gargoyle
  5897 | D:7      | Reached skill level 5 in Polearms
  5897 | D:7      | Reached XP level 10. HP: 32/77 MP: 9/9
  5927 | D:7      | Reached skill level 10 in Armour
  5927 | D:7      | Reached skill level 1 in Invocations
  5970 | D:7      | Reached skill level 1 in Evocations
  6375 | D:7      | Found a white marble altar of Elyvilon.
  6508 | D:8      | Identified the +8 rapier "Maasast" {spect, rF++ Int-5}
  6509 | D:8      | Found a sacrificial altar of Ru.
  6577 | D:8      | Noticed a two-headed ogre
  6582 | D:8      | Killed a two-headed ogre
  6583 | D:8      | Reached skill level 10 in Shields
  7176 | D:9      | Found a staircase to the Orcish Mines.
  7196 | D:9      | Found a staircase to the Lair.
  7386 | D:9      | Reached XP level 11. HP: 78/84 MP: 12/12
  7599 | D:9      | Noticed Jeremiah
  7640 | D:9      | Killed Jeremiah
  7717 | D:9      | Reached **** piety under Yredelemnul
  7828 | D:10     | Entered Level 10 of the Dungeon
  8026 | D:10     | Noticed Joseph
  8042 | D:10     | Killed Joseph
  8088 | D:10     | Noticed a two-headed ogre
  8093 | D:10     | Killed a two-headed ogre
  8424 | D:10     | Found Nebeuhyv's Antique Armour Shop.
  8549 | D:10     | Identified 2 scrolls of acquirement
  8550 | D:10     | Acquired a +1 pair of gloves of strength
  8563 | D:10     | Acquired the +2 pair of boots "Serch" {*Corrode rF++ Str+5}
  8701 | D:11     | Reached skill level 11 in Shields
  8837 | D:11     | Lost mutation: Your natural rate of healing is unusually
                  | fast. [potion of mutation]
  8837 | D:11     | Lost mutation: Your spells are a little harder to cast, but
                  | a little more powerful. [potion of mutation]
  8837 | D:11     | Lost mutation: You are frail. (-10% HP) [potion of
                  | mutation]
  8837 | D:11     | Gained mutation: You occasionally shout uncontrollably at
                  | your foes. [potion of mutation]
  8837 | D:11     | Gained mutation: Your movements are slightly less
                  | encumbered by armour. (ER -2) [potion of mutation]
  8837 | D:11     | Gained mutation: You are partially covered in large bone
                  | plates. (SH +4) [potion of mutation]
  8837 | D:11     | Gained mutation: You have a pair of large horns on your
                  | head. [potion of mutation]
  9039 | D:11     | Noticed a necromancer
  9041 | D:11     | Noticed Josephine
  9053 | D:11     | Killed Josephine
  9064 | D:11     | Killed a necromancer
  9347 | D:11     | Reached XP level 12. HP: 92/105 MP: 14/14
  9572 | D:11     | Noticed Erolcha
  9577 | D:11     | Killed Erolcha
  9633 | D:11     | Reached skill level 12 in Shields
  9793 | D:11     | Reached skill level 5 in Invocations
  9927 | D:11     | Noticed a two-headed ogre
  9930 | D:11     | Killed a two-headed ogre
 10336 | D:12     | Reached skill level 10 in Fighting
 10499 | D:12     | Reached ***** piety under Yredelemnul
 10499 | D:12     | Reached skill level 10 in Polearms
 10705 | D:12     | Identified the amulet "Nohil" {RegenMP Int+4}
 11135 | D:13     | Noticed a two-headed ogre
 11141 | D:13     | Killed a two-headed ogre
 11142 | D:13     | Reached skill level 5 in Evocations
 11292 | D:13     | Noticed a boulder beetle
 11294 | D:13     | Noticed a two-headed ogre
 11302 | D:13     | Killed a two-headed ogre
 11303 | D:13     | Reached skill level 13 in Shields
 11307 | D:13     | Noticed a tengu warrior
 11314 | D:13     | Killed a boulder beetle
 11315 | D:13     | Reached XP level 13. HP: 114/114 MP: 16/16
 11321 | D:13     | Reached ****** piety under Yredelemnul
 11750 | D:13     | Identified the maw talisman of Impatience {Str-3 Dex+3
                  | Slay+2}
 12038 | D:14     | Found Poridgh's Distillery.
 12185 | D:14     | Found a runed translucent gate.
 12185 | D:14     | Found a runed translucent gate.
 12185 | D:14     | Found a runed translucent gate.
 12189 | D:14     | Noticed Henri's ghost (journeyman GrFi)
 12189 | D:14     | Noticed Ipni's ghost (journeyman MiFi)
 12417 | D:14     | Found a gate to the Vaults.
 12432 | D:14     | Reached skill level 14 in Shields
 13126 | D:14     | Killed Henri's ghost
 13127 | D:14     | Reached XP level 14. HP: 119/124 MP: 18/18
 13142 | D:14     | Killed Ipni's ghost
 13339 | D:15     | Entered Level 15 of the Dungeon
 13353 | D:15     | Reached skill level 15 in Shields
 14094 | D:15     | Found a staircase to the Depths.
 14462 | D:15     | Found Yruph's Antique Weapon Shoppe.
 15557 | Orc:1    | Entered Level 1 of the Orcish Mines
 15786 | Orc:2    | Entered Level 2 of the Orcish Mines
 15806 | Orc:2    | Found a staircase to the Elven Halls.
 16034 | Orc:2    | Noticed Urug
 16039 | Orc:2    | Noticed an orc warlord
 16819 | Orc:2    | Killed an orc warlord
 16820 | Orc:2    | Reached skill level 10 in Dodging
 17000 | Orc:2    | Killed Urug
 17007 | Orc:2    | Reached skill level 16 in Shields
 17128 | Orc:2    | Found Coil's Jewellery Boutique.
 17204 | Orc:2    | Found Qeby's Self-Improvement Boutique.
 17213 | Orc:2    | Bought a manual of Polearms for 800 gold pieces
 17222 | Orc:2    | Found Nosoacot's Antique Weapon Boutique.
 17254 | Orc:2    | Found Zykhlano's General Store.
 17268 | Orc:2    | Found Mured's Antique Armour Boutique.
 17392 | Orc:2    | Bought a +6 ring of dexterity for 432 gold pieces
 17528 | Elf:1    | Entered Level 1 of the Elven Halls
 17812 | Elf:1    | Reached XP level 15. HP: 49/133 MP: 19/19
 18064 | Elf:1    | Found Vetracef's General Store.
 18092 | Elf:1    | Noticed an Executioner
 18431 | Elf:1    | Noticed Frances
 18447 | Elf:1    | Killed Frances
 18569 | Elf:1    | Found Deenn's Assorted Antiques.
 18584 | Elf:1    | Noticed Jorgrun
 18590 | Elf:1    | Killed Jorgrun
 18663 | Elf:1    | Found Noenaw's Jewellery Shoppe.
 18664 | Elf:1    | Found Afouroor's Book Shop.
 18665 | Elf:1    | Found Nashaox's Jewellery Shoppe.
 18675 | Elf:1    | Bought a +6 ring of strength for 468 gold pieces
 18923 | Elf:1    | Got the Discursus on Battling
 19236 | Elf:2    | Found a magical portal.
 19428 | Elf:2    | Found a runed translucent gate.
 19429 | Elf:2    | Found a runed translucent gate.
 19429 | Elf:2    | Found a runed translucent gate.
 20035 | Elf:2    | HP: 3/124 [deep elf zephyrmancer/bolt of lightning (26)]
 20035 | Elf:2    | Slain by a deep elf knight

Illustrated notes

Levels and vault maps discovered:
D:1:      onia_arrival_pyramid, layout_rooms, minmay_cupped
D:2:      layout_loops_corners, ebering_ecumenical_altar_sacrificial,
          minmay_misc_feat_room, chequers_big_river, uniq_crazy_yiuf_cottage,
          uniq_terence
D:3:      layout_loops_ring
D:4:      layout_basic, minmay_temple_entry_slanted, cheibrodos_sewer_entry_bend
D:5:      layout_basic, serial_shops, nicolae_shop_behind_doors, sword_in_stone,
          uniq_menkaure, uniq_grinder, uniq_edmund
D:6:      layout_loops_ring, serial_glass, glass_columns_a, glass_columns_b,
          minmay_door_square, minmay_circle_x, uniq_pikel, uniq_eustachio,
          uniq_maggie
D:7:      layout_cave_pools, nicolae_elyvilon_temple_path,
          chequers_serial_rivers_small_b
D:8:      layout_loops_ring, hangedman_ru_absence
D:9:      layout_roguey, lair_entry_dummy, minmay_orc_entry_temple_small,
          minivault_7, uniq_jeremiah
D:10:     layout_cave_pods, serial_column_ruins, column_ruins_grid_5,
          column_ruins_grid_1, column_ruins_open_medium,
          column_ruins_open_small, column_ruins_corridor_straight,
          column_ruins_grid_3, column_ruins_columns_corner, serial_shops, shop,
          uniq_joseph
D:11:     hangedman_screamer, layout_layer_cave, uniq_erolcha
D:12:     layout_irregular_city
D:13:     layout_irregular_city
D:14:     layout_basic, lightli_vaults_fourway_checkpoint,
          gammafunk_ghost_cemetery, special_room [special_room_mythical_zoo],
          infiniplex_staircase_pillars_2, serial_shops,
          nicolae_shop_industrial_runoff, onia_ninara_dug_in_and_dangerous
D:15:     hellmonk_depths_entry_around_the_bend, layout_cave_pools,
          serial_shops, nicolae_shop_trees, nicolae_underground_beach
Orc:1:    nicolae_orc_accident_1, layout_caves, basic_altar, serial_shops, shop
Orc:2:    grunt_orc_cross, layout_caves, nicolae_shop_self_help
Elf:1:    layout_geoelf_diagonals, serial_shops, shop, nicolae_shop_tiny_glass,
          minmay_elf_annihilation, minmay_shop_grove, uniq_frances, uniq_jorgrun
Elf:2:    nicolae_elf_blades_crystal_corner, layout_gridlike,
          infiniplex_enter_wizlab_glasses, serial_shops,
          nicolae_shop_getting_attention, serial_sigils,
          serial_sigils_hangedman_writhe, serial_sigils_hangedman_scar,
          serial_sigils_hangedman_shear, serial_sigils_hangedman_shear

Skill      XL: |  1  2  3  4  5  6  7  8  9 10 11 12 13 14 15 |
---------------+----------------------------------------------+-----
Fighting       | 4 5 6 7 8 9 10 11 12 | 12.6
Shields        | 4 5 7 9 10 11 13 14 16 | 16.9
Armour         | 4 5 6 7 9 11 12 13 14 | 14.5
Dodging        | 1 2 3 4 5 6 7 8 9 10 | 10.6
Short Blades   | 1 2 3 4 |  4.0
Long Blades    | 3 |  3.0
Polearms       | 1 5 6 8 10 11 12 13 | 13.6
Invocations    | 2 4 5 6 7 8 |  8.1
Evocations     | 2 4 5 6 7 |  7.4

Action                     |  1- 3 |  4- 6 |  7- 9 | 10-12 | 13-15 || total
---------------------------+-------+-------+-------+-------+-------++-------
  Melee: Long sword        |     9 |       |       |       |       ||     9
         Dagger            |    66 |   126 |    96 |       |       ||   288
         Headbutt          |    13 |    23 |    41 |   103 |   128 ||   308
         Spear             |       |       |   215 |   231 |       ||   446
         Trident           |       |       |       |   292 |   734 ||  1026
 Invoke: Dark Bargain      |       |       |       |     2 |     3 ||     5
         Recall Undead Har |       |       |       |       |     1 ||     1
  Evoke: Wand              |       |       |       |     1 |       ||     1
    Use: Potion            |     1 |       |    11 |     2 |     6 ||    20
         Scroll            |       |     7 |     4 |     8 |     9 ||    28
   Stab: Distracted        |       |       |       |     1 |     3 ||     4
 Armour: Scale mail        |    31 |       |       |       |       ||    31
         Plate armour      |    17 |    85 |   222 |   230 |   246 ||   800
  Dodge: Dodged            |    39 |    27 |    64 |    91 |   112 ||   333
  Block: Buckler           |    20 |    25 |    12 |       |       ||    57
         Kite shield       |       |       |   130 |   305 |   516 ||   951
         Reflection        |       |       |       |    13 |    54 ||    67
